 Dungeon Crawl Stone Soup version 0.32-a0-656-g3542139ebd (webtiles) character file.

Game seed: 11197958416215228628

119 Alarak the Magician (level 5, -1/35 HPs)
             Began as a Djinni Hedge Wizard on Mar 8, 2024.
             Slain by a gnoll
             ... wielding a +0 whip
              (9 damage)
             ... on level 3 of the Dungeon.
             The game lasted 00:04:17 (1966 turns).

Alarak the Magician (Djinni Hedge Wizard)           Turns: 1966, Time: 00:04:18

Health: -1/35      AC:  2    Str:  9    XL:     5   Next: 24%
Gold:   100        EV: 12    Int: 18    God:
                   SH:  0    Dex: 12

rFire   + + .        a - +0 dagger
rCold   x . .        (no shield)
rNeg    . . .        b - +0 robe
rPois   ∞            c - +0 hat
rElec   .            (no cloak)
rCorr   .            (no gloves)
SInv    .            (boots unavailable)
Will    .....        (no amulet)
Stlth   ++           (no ring)
HPRegen 0.25/turn    (no ring)
MPRegen 0.00/turn

%: infuse magic (-2 HP)
@: flying, very slightly contaminated
A: sickness immunity, fire resistance 2, cold vulnerability 1, float, innate
caster, HP casting, extra vitality 1
a: no special abilities


You were on level 3 of the Dungeon.
You visited 1 branch of the dungeon, and saw 3 of its levels.

You collected 100 gold pieces.

Inventory:

Hand Weapons
 a - a +0 dagger (weapon)
Armour
 b - a +0 robe (worn)
 c - a +0 hat (worn)
Scrolls
 d - a scroll of fear {unknown}
 h - a scroll of immolation {unknown}
 i - a scroll of blinking {unknown}
Potions
 e - a potion of heal wounds {unknown}
 f - a potion of berserk rage {unknown}
 g - a potion of degeneration {unknown}


   Skills:
 - Level 2.1 Dodging
 - Level 1.5 Stealth
 + Level 4.7 Spellcasting
 + Level 4.7 Conjurations
 + Level 4.7 Hexes
 + Level 4.7 Summonings
 + Level 4.7 Necromancy
 + Level 4.7 Translocations
 + Level 4.7 Fire Magic
 + Level 4.7 Ice Magic
 + Level 4.7 Air Magic
 + Level 4.7 Earth Magic
 + Level 4.7 Alchemy


You knew the following spells:

 Your Spells              Type           Power      Damage    Failure   Level
a - Magic Dart            Conj           84%        1d7       1%          1
b - Slow                  Hex            84%        N/A       1%          1
c - Blink                 Tloc           42%        N/A       3%          2
d - Call Imp              Summ           42%        N/A       3%          2
e - Mephitic Cloud        Conj/Alch/Air  21%        N/A       6%          3
f - Freeze                Ice            84%        1d9       1%          1
g - Lesser Beckoning      Tloc           42%        N/A       3%          2
Your spell library was empty.

Dungeon Overview and Level Annotations

Branches:
Dungeon (3/15)

Altars:


Innate Abilities, Weirdness & Mutations

You are immune to sickness and miasma.
You are immune to poison.
Your flesh is very heat resistant. (rF++)
You are vulnerable to cold. (rC-)
You float through the air rather than walking.
You learn spells naturally, not from books.
Your magical power is your life essence.
You have superior vitality. (+4 MHP)


Message History

You fly upwards.
There is a stone staircase leading down, spattered with blood here.
You start resting.
HP restored.
You fly downwards.
The gnoll throws a throwing net.
The throwing net closely misses you. The gnoll hits you with a +0 halberd!
The gnoll barely misses you.
There is a stone staircase leading up here.
You see here a throwing net.
Casting: Mephitic Cloud (dangerous; 6% risk of failure)
Confirm with . or Enter, or press ? or * to list all spells.
Aiming: Mephitic Cloud (dangerous; 6% risk of failure)
Press: ? - help, Shift-Dir - straight line You miscast Mephitic Cloud.
You are very lightly contaminated with residual magic.
Nothing appears to happen.
The gnoll misses you.
Unknown command.
Casting: Mephitic Cloud (dangerous; 6% risk of failure)
Confirm with . or Enter, or press ? or * to list all spells.
Aiming: Mephitic Cloud (dangerous; 6% risk of failure)
Press: ? - help, Shift-Dir - straight line, f - gnoll
Aim: a gnoll, wielding a +0 halberd (chance to affect: 91%)
The ball explodes into a vile cloud!
The stinking cloud engulfs the gnoll.
The stinking cloud engulfs you.
The gnoll is engulfed in noxious fumes.
The gnoll appears confused.
Casting: Mephitic Cloud (dangerous; 6% risk of failure)
Confirm with . or Enter, or press ? or * to list all spells.
Aiming: Mephitic Cloud (dangerous; 6% risk of failure)
Press: ? - help, Shift-Dir - straight line, p - gnoll The ball explodes into a vile cloud!
The stinking cloud engulfs the gnoll.
The stinking cloud engulfs you.
The stinking cloud engulfs the gnoll.
The gnoll hits you with a +0 whip.
The gnoll is engulfed in noxious fumes.
Casting: Mephitic Cloud (dangerous; 6% risk of failure)
Confirm with . or Enter, or press ? or * to list all spells.
A tiny devil pulls itself out of the air.
The gnoll hits you with a +0 whip.
* * * LOW HITPOINT WARNING * * *
The gnoll is engulfed in noxious fumes.
The gnoll appears confused.
The gnoll hits you with a +0 whip!
You die...

..# #.# ..#
..### ##...
... #5# #@#
#§gg÷.....
..§§§......
#.......#....
#....../# ...
#.....### ..
#.....# #
###....


You could see 2 gnolls and a friendly cerulean imp (summoned).

Vanquished Creatures
  3 gnolls (D:2)
  An adder (D:3)
  A ribbon worm (D:2)
  A dart slug (D:1)
  5 endoplasms
  3 goblins
  5 hobgoblins
  3 kobolds (D:1)
  2 quokkas (D:2)
  3 bats (D:1)
  2 frilled lizards (D:1)
  6 rats
35 creatures vanquished.

Vanquished Creatures (collateral kills)
  An adder (D:2)
  3 gnolls (D:2)
  A bat (D:3)
  A giant cockroach (D:2)
  A kobold (D:2)
7 creatures vanquished.

Grand Total: 42 creatures vanquished

Notes
Turn   | Place    | Note
-------+----------+-------------------------------------------
     0 | D:1      | Alarak the Djinni Hedge Wizard began the quest for the Orb.
     0 | D:1      | Alarak set off with the following spells memorised: Magic
                  | Dart, Slow, Blink, Call Imp, Mephitic Cloud.
     0 | D:1      | Reached XP level 1. HP: 15/15 MP: 0/0
    96 | D:1      | Reached XP level 2. HP: 12/21 MP: 0/0
   558 | D:1      | Reached XP level 3. HP: 25/25 MP: 0/0
   558 | D:1      | Learned a level 1 spell: Freeze
   808 | D:2      | Reached XP level 4. HP: 29/31 MP: 0/0
  1667 | D:2      | Reached XP level 5. HP: 13/35 MP: 0/0
  1667 | D:2      | Learned a level 2 spell: Lesser Beckoning
  1966 | D:3      | Slain by a gnoll

Illustrated notes

Levels and vault maps discovered:
D:1:      dpeg_arrival_court, layout_rooms, kennysheep_boxes
D:2:      layout_loops_corners, hangedman_decor_points, grunt_ministairs_13
D:3:      layout_loops_cross, uniq_ijyb

Skill      XL: |  1  2  3 |
---------------+----------+-----
Spellcasting   | 4 |  4.7
Conjurations   | 4 |  4.7
Hexes          | 4 |  4.7
Summonings     | 4 |  4.7
Necromancy     | 4 |  4.7
Translocations | 4 |  4.7
Fire Magic     | 4 |  4.7
Ice Magic      | 4 |  4.7
Air Magic      | 4 |  4.7
Earth Magic    | 4 |  4.7
Alchemy        | 4 |  4.7
Dodging        | |  2.1
Stealth        | |  1.5

Action                     |  1- 3 |  4- 6 || total
---------------------------+-------+-------++-------
  Melee: Dagger            |       |     2 ||     2
   Cast: Magic Dart        |    49 |    23 ||    72
         Call Imp          |     3 |     5 ||     8
         Mephitic Cloud    |     1 |    10 ||    11
   Stab: Confused          |       |     1 ||     1
 Armour: Robe              |     6 |    21 ||    27
  Dodge: Dodged            |     4 |    10 ||    14

Table legend: (Time is in decaauts)
 A = Elapsed time spent in this place.
 B = Non-inter-level travel time spent in this place.
 C = Inter-level travel time spent in this place.
 D = Time resting spent in this place.
 E = Time spent auto-exploring this place.
 F = Levels seen in this place.
 G = Mean time per level.
                   A        B        C        D        E       F      G
               +--------+--------+--------+--------+--------+-----+--------+
         Total |   1969 |   1907 |     62 |    261 |   1420 |   3 |  656.3 |
       Dungeon |   1969 |   1907 |     62 |    261 |   1420 |   3 |  656.3 |
               +--------+--------+--------+--------+--------+-----+--------+

Top non-repeatable levels by time:
     D:2: 1235 daAuts
     D:1: 705 daAuts
     D:3: 28 daAuts
